 Dungeon Crawl Stone Soup version 0.29.0-4-gdea44cf6ec (webtiles) character file.

Game seed: 13730304274262409944

133 gelatine the Insei (level 5, -6/44 HPs)
             Began as a Naga Transmuter on Aug 27, 2022.
             Mangled by a gnoll
             ... wielding a +0 spear
              (7 damage)
             ... on level 3 of the Dungeon.
             The game lasted 00:05:46 (3408 turns).

gelatine the Insei (Naga Transmuter)                Turns: 3408, Time: 00:05:48

Health: -6/44      AC:  2    Str: 12    XL:     5   Next: 16%
Magic:  15/17      EV: 10    Int: 15    God:
Gold:   101        SH:  0    Dex: 12    Spells: 6/9 levels left

rFire   . . .      SeeInvis +   d - +1 mace (protect)
rCold   . . .      Faith    .   (no shield)
rNeg    . . .      Spirit   .   a - +0 robe
rPois   +          Reflect  .   (helmet currently unavailable)
rElec   .          Harm     .   (no cloak)
rCorr   .          Rampage  .   (no gloves)
Will    .....                   (no barding)
Stlth   ++........              (no amulet)
HPRegen 0.14/turn               m - ring of magical power
MPRegen 0.15/turn               (no ring)

@: mighty, appendages (expiring), wereblooded (expiring), very slow
A: horns 2, AC +1, large, see invisible, deformed body, poison resistance,
slowness 2, spit poison 1, naga tail 1
a: Spit Poison, End Transformation


You were on level 3 of the Dungeon.
You had temporarily grown beastly horns.
You visited 1 branch of the dungeon, and saw 3 of its levels.

You collected 101 gold pieces.

Inventory:

Hand Weapons
 d - a +1 mace of protection (weapon)
 f - a +0 trident
Armour
 a - a +0 robe (worn)
 n - a +0 kite shield
Jewellery
 m - a ring of magical power (left hand)
Wands
 q - a wand of flame (7)
Scrolls
 b - a scroll of enchant armour {unknown}
 e - a scroll of magic mapping {unknown}
 g - a scroll of vulnerability {unknown}
 i - 2 scrolls of enchant weapon {unknown}
 j - a scroll of identify {unknown}
 l - a scroll of blinking {unknown}
Potions
 c - 4 potions of curing
 k - a potion of magic {unknown}
 o - a potion of ambrosia {unknown}
 p - a potion of heal wounds {unknown}


   Skills:
 + Level 1.4 Fighting
 + Level 1.5 Maces & Flails
 + Level 2.2 Dodging
 + Level 2.0 Stealth
 + Level 3.4 Unarmed Combat
 + Level 2.6 Spellcasting
 + Level 2.7 Transmutations


You had 6 spell levels left.
You knew the following spells:

 Your Spells              Type           Power      Damage    Failure   Level
a - Beastly Appendage     Tmut           20%        N/A       7%          1
b - Wereblood             Tmut           10%        N/A       10%         2

Your spell library contained the following spells:

 Spells                   Type           Power      Damage    Failure   Level
 Sting                    Tmut/Pois      24%        1d4       12%         1
 Poisonous Vapours        Pois/Air       2%         N/A       32%         2
 Spider Form              Tmut/Pois      6%         N/A       34%         3
 Ice Form                 Ice/Tmut       6%         N/A       75%         4
 Olgreb's Toxic Radiance  Pois           1%         N/A       91%         4
 Passage of Golubria      Tloc           1%         N/A       91%         4
 Silence                  Hex/Air        0%         N/A       99%         5
 Lehudib's Crystal Spear  Conj/Erth      0%         10d2      100%        8


Dungeon Overview and Level Annotations

Branches:
Dungeon (3/15)

Altars:


Innate Abilities, Weirdness & Mutations

You have temporarily grown beastly horns.
Your serpentine skin is tough. (AC +1)
You have supernaturally acute eyesight. (SInv)
Armour fits poorly on your strangely shaped body.
Your system is resistant to poisons. (rPois)
You cover ground very slowly.
You can spit poison.
You have a snake-like lower body.


Message History

* * * LOW HITPOINT WARNING * * *
The gnoll hits you from afar with a +0 spear.
* * * LOW HITPOINT WARNING * * *
It was a potion of curing.
You feel better.
Your transformation is almost over.
The gnoll barely misses you.
The gnoll hits you from afar with a +0 spear.
* * * LOW HITPOINT WARNING * * *
It was a potion of might.
You feel very mighty all of a sudden. The gnoll hits you with a +0 spear.
* * * LOW HITPOINT WARNING * * *
The gnoll barely misses you.
You feel better.
You howl as the wereblood boils in your veins!
The gnoll closely misses you. The gnoll barely misses you.
You sock the gnoll!
Your weapon exudes an aura of protection.
You feel a bit better.
You kill the gnoll!
The gnoll hits you but does no damage.
Your primal bloodlust is almost over.
You hear an angry hiss.
The gnoll barely misses you. The gnoll misses you.
Items here: ))) †.
You closely miss the gnoll. You punch the gnoll.
The gnoll is moderately wounded.
The gnoll misses you.
You barely miss the gnoll. Your headbutt misses the gnoll.
The gnoll is moderately wounded.
The gnoll hits you with a +0 spear.
* * * LOW HITPOINT WARNING * * *
You closely miss the gnoll.
The gnoll is moderately wounded.
You howl as the wereblood boils in your veins!
You hear an angry hiss.
The gnoll hits you with a +0 spear!
* * * LOW HITPOINT WARNING * * *
The gnoll hits you with a +0 spear!
You die...

#.......#
#......#
#.......#
#.######
#.......#####.#
####....(........
#..........####.#
.
#........#....#.#
..
#........####.#.#
... ##########
#.#.# g... #.#@#
...gg
#..g##......
#........g..
#......###.#
#......# ######.#
.# .# .


You could see a gnoll.

Vanquished Creatures
  2 gnolls (D:3)
  4 adders
  2 worms
  3 dart slugs
  2 orcs (D:3)
  3 bats
  5 endoplasms
  3 giant cockroaches
  6 goblins
  2 hobgoblins
  3 jackals (D:2)
  6 kobolds
  A quokka (D:1)
  12 ball pythons
  5 frilled lizards
  9 rats
68 creatures vanquished.

Notes
Turn   | Place    | Note
-------+----------+-------------------------------------------
     0 | D:1      | gelatine the Naga Transmuter began the quest for the Orb.
     0 | D:1      | Reached XP level 1. HP: 18/18 MP: 3/3
   352 | D:1      | Reached XP level 2. HP: 14/25 MP: 3/5
   750 | D:1      | Reached XP level 3. HP: 19/31 MP: 6/6
   757 | D:1      | Learned a level 2 spell: Wereblood
  1530 | D:2      | Reached skill level 1 in Stealth
  1638 | D:2      | Reached XP level 4. HP: 11/38 MP: 7/7
  2262 | D:2      | Reached skill level 1 in Maces & Flails
  3398 | D:3      | Reached XP level 5. HP: 18/44 MP: 8/8
  3402 | D:3      | HP: 1/44 [gnoll/+0 spear (5)]
  3408 | D:3      | HP: 1/44 [gnoll/+0 spear (9)]
  3408 | D:3      | Mangled by a gnoll

Illustrated notes

Levels and vault maps discovered:
D:1:      psy_arrival_conway, layout_basic, chequers_serial_rivers_marsh,
          kennysheep_pointless_box, grunt_decor_mini_mirrors
D:2:      layout_loops_ring
D:3:      layout_basic

Skill      XL: |  1  2  3  4 |
---------------+-------------+-----
Stealth        | 1 2 |  2.0
Dodging        | 2 |  2.2
Maces & Flails | 1 |  1.5
Fighting       | |  1.4
Unarmed Combat | |  3.4
Spellcasting   | |  2.6
Transmutations | |  2.7

Action                   |  1- 3 |  4- 6 || total
-------------------------+-------+-------++-------
Melee: Unarmed           |    18 |       ||    18
       Headbutt          |     9 |     9 ||    18
       Punch             |     3 |     2 ||     5
       Mace              |    69 |    93 ||   162
 Cast: Beastly Appendage |    24 |    21 ||    45
       Wereblood         |       |     1 ||     1
  Use: Potion            |     1 |     3 ||     4
 Stab: Sleeping          |     1 |     3 ||     4
Armor: Robe              |    45 |    33 ||    78
       Skin              |     7 |    17 ||    24
Dodge: Dodged            |    71 |    61 ||   132
